Map: Moondance

Players

NightMare - Winner!

  • Race: Protoss Protoss
  • Spawn Location: 6:00

PappiJoe

  • Race: Protoss Protoss
  • Spawn Location: 12:00

Event: HomeStory Cup XXII

VOD

Have the link to the VOD?

Description

Time

  • Played on: Dec. 15, 2022, 1:41 p.m.
  • Length: 4:53

All games in this series

Show
View Real Time Build Order
Export as new Build Order

NightMare Protoss - Winner!

Build Orders:  

Get SALT Encoding   

  12  0:00  Probe  
  13  0:12  Probe  
  14  0:17  Pylon  
  14  0:24  Probe  
  15  0:36  Probe  
  15  0:38  Gateway  
  16  0:47  Assimilator  
  16  0:49  Probe  
  17  1:00  Assimilator  
  17  1:01  Probe (Chrono Boost)  
  19  1:12  Probe (Chrono Boost)  
  19  1:13  Assimilator  
  19  1:17  Probe (Chrono Boost)  
  19  1:25  Cybernetics Core  
  20  1:27  Probe  
  20  1:31  Pylon  
  21  1:39  Probe  
  22  1:51  Probe, Pylon  
  23  1:58  Adept (Chrono Boost)  
  23  2:02  Warp Gate  
  25  2:09  Gateway  
  25  2:16  Robotics Facility  
  27  2:23  Adept  
  27  2:29  Gateway  
  27  2:35  Pylon  
  27  3:01  Immortal (Chrono Boost)  
  31  3:31  Immortal (Chrono Boost)  
  35  3:34  Pylon  
  35  3:50  Stalker x3  
  41  4:04  Warp Prism  
  43  4:15  Stalker x2  
  43  4:16  Sentry  
  45  4:39  Stalker x2  
  45  4:44  Stalker  
Show
View Real Time Build Order
Export as new Build Order

PappiJoe Protoss 

Build Orders: 1 Gate Expand, Forge Fast Expand (FFE) 

Get SALT Encoding   

  12  0:10  Pylon  
  12  0:15  Probe  
  13  0:29  Forge  
  13  0:39  Probe (Chrono Boost)  
  14  0:43  Gateway  
  15  0:51  Probe (Chrono Boost)  
  15  0:52  Pylon  
  15  0:59  Assimilator  
  15  1:00  Probe  
  16  1:12  Probe  
  17  1:24  Probe  
  18  1:34  Nexus  
  18  1:46  Cybernetics Core  
  18  1:49  Probe  
  19  2:01  Probe  
  20  2:05  Pylon  
  20  2:13  Probe  
  21  2:20  Warp Gate (Chrono Boost)  
  21  2:24  Stalker  
  21  2:25  Probe  
  24  2:30  Shield Battery  
  24  2:38  Gateway  
  23  2:54  Stalker  
  24  3:00  Probe  
  23  3:11  Gateway  
  23  3:12  Probe  
  24  3:23  Pylon  
  24  3:28  Gateway  
  24  3:33  Shield Battery  
  24  3:38  Shield Battery  
  23  3:54  Probe  
  22  4:00  Stalker x2  
  26  4:09  Stalker  
  28  4:14  Shield Battery  
  28  4:26  Zealot x2  
  32  4:34  Zealot  
  32  4:36  Stalker  
  28  4:38  Pylon  
  26  4:47  Zealot  
  26  4:48  Zealot  
Tags
 
Add a new tag
Caveats
  • Supply blocks, unpowered buildings, or Contaminate may cause inaccurate times.
  • Supply counts are checked every 10 seconds.